 Dungeon Crawl Stone Soup version 0.28.0-62-gf88900778d (webtiles) character file.

Game seed: 12684973970475632933

42 cbfl8 the Covered (level 3, -2/33 HPs)
             Began as a Minotaur Fighter on Aug 29, 2023.
             Slain by a gnoll
             ... wielding a +0 flail
              (8 damage)
             ... on level 2 of the Dungeon.
             The game lasted 00:00:47 (958 turns).

cbfl8 the Covered (Minotaur Fighter)                 Turns: 958, Time: 00:00:47

Health: -2/33      AC:  9    Str: 20    XL:     3   Next: 33%
Magic:  2/2        EV:  7    Int:  5    God:
Gold:   11         SH:  4    Dex: 11    Spells: 2/2 levels left

rFire   . . .      SeeInvis .   a - +0 war axe
rCold   . . .      Faith    .   c - +0 buckler
rNeg    . . .      Spirit   .   i - +0 chain mail
rPois   .          Reflect  .   (helmet restricted)
rElec   .          Harm     .   (no cloak)
rCorr   .          Rampage  .   (no gloves)
Will    .....                   (no boots)
Stlth   ..........              (no amulet)
HPRegen 0.11/turn               (no ring)
MPRegen 0.08/turn               (no ring)

@: no status effects
A: horns 2, retaliatory headbutt
a: no special abilities


You were on level 2 of the Dungeon.
You visited 1 branch of the dungeon, and saw 2 of its levels.

You collected 11 gold pieces.

Inventory:

Hand Weapons
 a - a +0 war axe (weapon)
Armour
 c - a +0 buckler (worn)
 i - a +0 chain mail (worn)
Scrolls
 e - a scroll of identify {unknown}
 f - a scroll of magic mapping {unknown}
 h - a scroll of fog {unknown}
Potions
 b - a potion of heal wounds {unknown}
 d - a potion of might
 g - a potion of resistance {unknown}


   Skills:
 + Level 4.0 Fighting
 + Level 3.3 Axes
 + Level 4.0 Armour
 + Level 3.9 Shields
 * Level 1.0 Evocations


You had 2 spell levels left.
You didn't know any spells.
Your spell library was empty.

Dungeon Overview and Level Annotations

Branches:
Dungeon (2/15)

Altars:


Innate Abilities, Weirdness & Mutations

You have a pair of horns on your head.
You reflexively headbutt those who attack you in melee.


Message History

There are monsters nearby!
You closely miss the adder. Your headbutt misses the adder.
You closely miss the gnoll.
A gnoll comes into view. It is wielding a +0 whip.
The adder bites you.
There are monsters nearby!
You miss the adder.
You headbutt the adder, but do no damage.
You slash the gnoll! The adder bites you.
A gnoll comes into view. It is wielding a +0 spear.
The gnoll hits you with a +0 flail. The adder barely misses you.
The gnoll moves out of view.
You barely miss the gnoll. Your headbutt misses the gnoll.
The gnoll is severely wounded.
You barely miss the adder. You block the adder's attack.
The gnoll hits you but does no damage. x2
The adder bites you but does no damage.
Unknown command.
You barely miss the gnoll.
The gnoll is severely wounded.
The gnoll shouts!
You hit the adder.
The gnoll hits you from afar with a +0 halberd.
The adder bites you but does no damage. The gnoll hits you with a +0 flail.
Unknown command.
You barely miss the gnoll. Your headbutt misses the gnoll.
The gnoll is severely wounded.
You closely miss the adder. The adder bites you but does no damage.
The gnoll hits you but does no damage. You block the gnoll's attack.
The adder bites you but does no damage. You block the gnoll's attack.
Unknown command.
You barely miss the gnoll.
You headbutt the gnoll, but do no damage.
The gnoll is severely wounded.
You barely miss the gnoll. You hit the adder. The adder barely misses you.
The gnoll hits you with a +0 flail!
The gnoll hits you from afar with a +0 halberd.
* * * LOW HITPOINT WARNING * * *
The adder closely misses you. The gnoll hits you with a +0 flail!
You die...

#.......>.#........##.#..###
.......#.###.............#
.##..##. ###..#.#...#..# #..
#.. #.#........## .###.##
#.....####.# .<.....##)....#
### #........#.##
.##........# #.g@g....#
#.S......# .....g.....#
..........g..#
..............#
........#..##.# ........#..(
.# ........#....


You could see 4 gnolls and an adder.

Vanquished Creatures
  An adder (D:2)
  An endoplasm (D:1)
  A giant cockroach (D:2)
  2 goblins (D:1)
  7 hobgoblins
  4 jackals (D:2)
  3 kobolds
  5 bats
  3 frilled lizards (D:1)
  3 rats
30 creatures vanquished.

Notes
Turn   | Place    | Note
-------+----------+-------------------------------------------
     0 | D:1      | cbfl8 the Minotaur Fighter began the quest for the Orb.
     0 | D:1      | Reached XP level 1. HP: 19/19 MP: 0/0
   376 | D:1      | Reached XP level 2. HP: 24/27 MP: 1/1
   817 | D:2      | Reached XP level 3. HP: 24/33 MP: 2/2
   820 | D:2      | Reached skill level 1 in Evocations
   958 | D:2      | Slain by a gnoll

Illustrated notes

Levels and vault maps discovered:
D:1:      erik_arrival_triangle_small, layout_rooms
D:2:      layout_rooms, uniq_crazy_yiuf_cottage

Skill      XL: |  1  2  3 |
---------------+----------+-----
Axes           | 3 |  3.3
Fighting       | 4 |  4.0
Armour         | 4 |  4.0
Evocations     | 1 |  1.0
Shields        | |  3.9

Action                   || total
-------------------------++-------
Melee: War axe           ||    80
       Headbutt          ||     3
Armor: Scale mail        ||    54
       Chain mail        ||     8
Dodge: Dodged            ||    51
Block: Buckler           ||    25
